 Dungeon Crawl Stone Soup version 0.29.1-1-gd02db6906a (webtiles) character file.

Game seed: 17737462441220989563

513 avis the Chiller (level 6, -6/50 HPs)
             Began as a Demigod Ice Elementalist on Oct 21, 2022.
             Splashed by a jelly's acid (7 damage)
             ... on level 4 of the Dungeon.
             The game lasted 00:23:42 (4440 turns).

avis the Chiller (Demigod Ice Elementalist)         Turns: 4440, Time: 00:23:44

Health: -6/50      AC: -2    Str:  9    XL:     6   Next: 67%
Magic:  3/13       EV: 13    Int: 17    God:
Gold:   212        SH:  0    Dex: 22    Spells: 4/11 levels left

rFire   . . .      SeeInvis .   a - +0 whip (flame)
rCold   . . .      Faith    .   (no shield)
rNeg    . . .      Spirit   .   k - +0 robe
rPois   .          Reflect  .   (no helmet)
rElec   .          Harm     .   (no cloak)
rCorr   .          Rampage  .   (no gloves)
Will    .....                   (no boots)
Stlth   ++........              i - amulet of the acrobat
HPRegen 0.16/turn               (no ring)
MPRegen 0.13/turn               (no ring)

@: corroded
A: high MP 1, forlorn, divine attributes
a: no special abilities


You were on level 4 of the Dungeon.
You visited 1 branch of the dungeon, and saw 4 of its levels.

You collected 212 gold pieces.

Inventory:

Hand Weapons
 a - a +0 whip of flaming (weapon)
 f - a +0 dagger
 l - a +0 mace of protection
 m - a +0 falchion
Missiles
 s - 3 boomerangs (quivered)
 w - 3 atropa-tipped darts
Armour
 k - a +0 robe (worn)
Magical Staves
 z - a staff of conjuration
Jewellery
 i - an amulet of the acrobat (around neck)
Wands
 o - a wand of polymorph (7)
Scrolls
 c - 2 scrolls of fear {unknown}
 d - 5 scrolls of magic mapping {unknown}
 e - a scroll of fog {unknown}
 g - 2 scrolls of noise {unknown}
 j - a scroll of identify {unknown}
 n - a scroll of teleportation {unknown}
 r - a scroll of torment {unknown}
 u - a scroll of poison {unknown}
 y - a scroll of blinking {unknown}
Potions
 b - a potion of magic
 p - 2 potions of curing {unknown}
 q - a potion of invisibility {unknown}
 t - a potion of might {unknown}
 v - a potion of mutation {unknown}
 x - a potion of lignification {unknown}


   Skills:
 * Level 2.8 Fighting
 * Level 2.8 Dodging
 - Level 2.0 Stealth
 - Level 3.0 Spellcasting
 - Level 6.0 Ice Magic


You had 4 spell levels left.
You knew the following spells:

 Your Spells              Type           Power      Damage    Failure   Level
a - Freeze                Ice            88%        1d10      1%          1
o - Ozocubu's Armour      Ice            22%        N/A       4%          3
r - Frozen Ramparts       Ice            44%        1d7       4%          3

Your spell library contained the following spells:

 Spells                   Type           Power      Damage    Failure   Level
 Hailstorm                Conj/Ice       12%        3d5       45%         4


Dungeon Overview and Level Annotations

Branches:
Dungeon (4/15)
 Temple: D:4-7

Annotations:
D:2 1 runed translucent door, exclusion: door


Innate Abilities, Weirdness & Mutations

You have an increased reservoir of magic. (+10% MP)
You shall have no god before yourself.
Your divine heritage dramatically boosts your attributes as you level up.


Message History

You closely miss the phantom.
You punch the phantom, but do no damage.
The phantom is lightly damaged.
The phantom closely misses you.
You hit the phantom but do no damage.
The phantom is lightly damaged.
The phantom hits you.
* * * LOW HITPOINT WARNING * * *
You closely miss the phantom.
The phantom is lightly damaged.
The phantom hits you.
* * * LOW HITPOINT WARNING * * *
The phantom blinks!
You blink.
The phantom hits you.
* * * LOW HITPOINT WARNING * * *
The phantom barely misses you.
There is a stone staircase leading down here.
The jelly attacks as you move away! The jelly completely misses you.
The phantom closely misses you. The jelly attacks as you move away!
The jelly completely misses you. The phantom closely misses you.
You feel much better. The jelly closely misses you.
The phantom hits you but does no damage.
Okay, then.
You hit the jelly but do no damage.
Your hands burn!
The jelly hits you.
You are splashed with acid!
The phantom closely misses you.
You hit the jelly. You burn the jelly. The acid corrodes you!
Your hands burn!
The jelly is moderately wounded.
The jelly closely misses you. The phantom closely misses you.
The phantom misses you. The jelly hits you.
* * * LOW HITPOINT WARNING * * *
You are splashed with acid!
* * * LOW HITPOINT WARNING * * *
You hit the jelly. You burn the jelly.
Your hands burn!
* * * LOW HITPOINT WARNING * * *
The jelly is heavily wounded.
The jelly hits you.
* * * LOW HITPOINT WARNING * * *
You are splashed with acid!
You die...

##+# #.# #.# #># #.
#####.#### #.#
..##........# #.#
#.........#.######.#
#............).....#
#............#######
.............#
#......>W@...#
#.......J....#
#.#..........#
.............#
###..###.##### ....
..# ≈≈≈. ≈..# ..§.
.≈..# ≈≈≈ ≈...


You could see a phantom and a jelly.

Vanquished Creatures
  An ice beast (D:3)
  A scorpion (D:4)
  2 orc priests
  2 orc wizards
  An iguana (D:4)
  Natasha (thrice) (D:2)
  3 gnolls (D:4)
  4 adders
  2 dart slugs
  7 orcs
  4 bats
  8 endoplasms
  5 giant cockroaches
  9 goblins
  8 hobgoblins
  7 jackals
  3 quokkas
  A ball python (D:3)
  A frilled lizard (D:3)
  9 kobolds
  5 rats
86 creatures vanquished.

Notes
Turn   | Place    | Note
-------+----------+-------------------------------------------
     0 | D:1      | avis the Demigod Ice Elementalist began the quest for the
                  | Orb.
     0 | D:1      | Reached XP level 1. HP: 14/14 MP: 5/5
   229 | D:1      | Reached skill level 1 in Fighting
   304 | D:1      | Reached XP level 2. HP: 22/23 MP: 2/7
   409 | D:1      | Reached skill level 4 in Ice Magic
   883 | D:1      | Reached XP level 3. HP: 24/28 MP: 1/9
  1265 | D:2      | Noticed Natasha
  1344 | D:1      | Learned a level 3 spell: Ozocubu's Armour
  1348 | D:1      | Learned a level 3 spell: Frozen Ramparts
  1354 | D:2      | Killed Natasha
  1477 | D:2      | HP: 1/28 [orc priest/nerve-wracking pain (9)]
  1492 | D:2      | Reached XP level 4. HP: 12/35 MP: 0/11
  1509 | D:2      | Noticed Natasha
  1843 | D:2      | Found a runed translucent door.
  2026 | D:2      | Killed Natasha
  2393 | D:2      | Noticed Natasha
  2398 | D:2      | Killed Natasha
  2399 | D:2      | Reached skill level 5 in Ice Magic
  2482 | D:3      | Reached XP level 5. HP: 40/40 MP: 5/12
  2854 | D:3      | Noticed an ice beast
  2885 | D:3      | Killed an ice beast
  3095 | D:3      | Reached XP level 6. HP: 47/48 MP: 6/13
  4028 | D:3      | Reached skill level 6 in Ice Magic
  4440 | D:4      | HP: 1/50 [jelly (3)]
  4440 | D:4      | Splashed by a jelly's acid

Illustrated notes

Levels and vault maps discovered:
D:1:      minmay_arrival_open_corners, layout_loops_ring
D:2:      layout_rooms, serial_curves, eino_curves_03, eino_curves_02,
          uniq_natasha, uniq_crazy_yiuf_cottage
D:3:      layout_loops_ring, kiku_gazebo_pond_becter,
          shapermc_ecumenical_altar_flowoftime
D:4:      layout_loops_corners, mainiacjoe_overflow_concentric_impassable,
          nicolae_hepliaklqana_ecumenical_no_more, st_stairs_8,
          kennysheep_generic_room_6

Skill      XL: |  1  2  3  4  5  6 |
---------------+-------------------+-----
Fighting       | 1 2 |  2.8
Ice Magic      | 4 5 6 |  6.0
Spellcasting   | 2 3 |  3.0
Dodging        | 2 |  2.8
Stealth        | 2 |  2.0

Action                   |  1- 3 |  4- 6 || total
-------------------------+-------+-------++-------
Melee: Dagger            |     2 |       ||     2
       Whip              |    21 |    95 ||   116
       Punch             |     1 |     1 ||     2
Throw: Boomerang         |       |     2 ||     2
 Cast: Freeze            |    53 |    11 ||    64
       Ozocubu's Armour  |     2 |    23 ||    25
       Frozen Ramparts   |     2 |    19 ||    21
  Use: Potion            |     1 |     3 ||     4
 Stab: Sleeping          |     3 |     5 ||     8
Armor: Robe              |    11 |    43 ||    54
Dodge: Dodged            |    37 |    77 ||   114
